 Dungeon Crawl Stone Soup version 0.23-a0-319-gb40ba49 (webtiles) character file.

142 HDogLeCool the Chopper (level 5, 0/47 HPs)
             Began as a Minotaur Monk on Oct 13, 2018.
             Slain by a killer bee (1 damage)
             ... on level 3 of the Dungeon on Oct 14, 2018.
             The game lasted 00:13:26 (2121 turns).

HDogLeCool the Chopper (Minotaur Monk)              Turns: 2121, Time: 00:13:27

Health: 0/47       AC: 11    Str: 21    XL:     5   Next: 4%
Magic:  4/4        EV:  5    Int:  7    God:
Gold:   158        SH:  9    Dex: 13    Spells: 4/4 levels left

rFire    . . .     SeeInvis .   a - +0 hand axe
rCold    . . .     Gourm    .   j - +0 shield
rNeg     . . .     Faith    .   f - +0 plate armour
rPois    .         Spirit   .   (helmet restricted)
rElec    .         Reflect  .   (no cloak)
rCorr    .         Harm     .   (no gloves)
MR       .....                  (no boots)
Stlth    ..........             (no amulet)
HPRegen  0.15/turn              (no ring)
MPRegen  0.09/turn              (no ring)

@: mighty, lethally poisoned (0 -> -7), hasted, very quick
A: retaliatory headbutt, horns 2
a: no special abilities


You were on level 3 of the Dungeon.
You were not hungry.

You visited 1 branch of the dungeon, and saw 3 of its levels.

You collected 158 gold pieces.

Inventory:

Hand Weapons
 a - a +0 hand axe (weapon)
 b - a +0 hunting sling
Missiles
 e - 128 stones (quivered)
 v - 8 poisoned needles
 w - 24 sling bullets
Armour
 f - a +0 plate armour (worn)
 j - a +0 shield (worn)
Jewellery
 u - an uncursed ring of see invisible {unknown}
Scrolls
 g - 2 scrolls of remove curse {unknown}
 h - a scroll of amnesia {unknown}
 i - 3 scrolls of random uselessness {unknown}
 l - 2 scrolls of enchant armour {unknown}
 q - a scroll of identify {unknown}
 r - 3 scrolls of teleportation {unknown}
 s - 2 scrolls of magic mapping {unknown}
Potions
 p - a potion of cancellation
 t - a potion of degeneration {unknown}
Comestibles
 c - 7 rations
 d - 2 chunks of flesh


   Skills:
 + Level 4.6 Fighting
 * Level 4.9 Axes
 * Level 2.2 Armour
 - Level 3.3 Dodging
 - Level 1.7 Stealth
 + Level 2.2 Shields


You had 4 spell levels left.
You didn't know any spells.
Your spell library was empty.

Dungeon Overview and Level Annotations

Branches:
Dungeon (3/15)

Altars:
Ashenzari
Ru
Sif Muna
Trog
Uskayaw
Wu Jian


Innate Abilities, Weirdness & Mutations

You reflexively headbutt those who attack you in melee.
You have a pair of horns on your head.


Message History

You feel sick.
You hit the killer bee. Your headbutt misses the killer bee.
The killer bee is lightly wounded.
You feel sick.
The killer bee stings you but does no damage.
You closely miss the killer bee.
The killer bee is heavily wounded.
You feel sick.
The killer bee stings you but does no damage.
The killer bee stings you.
* * * LOW HITPOINT WARNING * * *
It was a potion of might.
You feel very mighty all of a sudden.
The killer bee stings you but does no damage.
The killer bee stings you.
* * * LOW HITPOINT WARNING * * *
It was a potion of haste.
You feel yourself speed up.
* * * LOW HITPOINT WARNING * * *
You feel sick. The killer bee stings you.
You die...

##.## ##.# #.#.# #.#
#..# #.#.## #.# #.##
#.#..# #.# #.# #.#.#.
#†# #.# ###..### #.# #.#
#.....## #.#
#####.###.#...##
#.#######S..#.........#.
#......@yyy.#####.##...#
#########y..# #......#
##...## ####.#.#
##.y...## #.#.#
#.......# #.#.#
##.....## #)#.# ##...##
##...# ##.## ##...## #÷#
#.....#


You could see 4 killer bees and an adder.

Vanquished Creatures
  5 adders
  An ooze (D:1)
  4 worms
  A dart slug (D:2)
  2 leopard geckos
  6 orcs (D:3)
  14 giant cockroaches
  8 goblins
  7 hobgoblins
  3 jackals (D:3)
  2 bats (D:1)
  4 frilled lizards
  6 kobolds
  4 rats
67 creatures vanquished.

Notes
Turn   | Place    | Note
-------+----------+-------------------------------------------
     0 | D:1      | HDogLeCool the Minotaur Monk began the quest for the Orb.
     0 | D:1      | Reached XP level 1. HP: 19/19 MP: 0/0
   195 | D:1      | Upgraded the game from 0.23-a0-316-g6773f7a to
                  | 0.23-a0-319-gb40ba49
   226 | D:1      | Reached XP level 2. HP: 24/27 MP: 1/1
   879 | D:2      | Reached skill level 1 in Shields
   879 | D:2      | Reached XP level 3. HP: 31/33 MP: 2/2
  1097 | D:2      | Found a hide-covered altar of Uskayaw.
  1101 | D:2      | Found a deep blue altar of Sif Muna.
  1101 | D:2      | Found a shattered altar of Ashenzari.
  1102 | D:2      | Found a sacrificial altar of Ru.
  1130 | D:2      | Found an ornate altar of the Wu Jian Council.
  1349 | D:2      | Reached skill level 1 in Armour
  1435 | D:2      | Reached XP level 4. HP: 37/41 MP: 3/3
  1502 | D:2      | Found a bloodstained altar of Trog.
  1562 | D:2      | You fall through a shaft!
  2002 | D:3      | Reached XP level 5. HP: 47/47 MP: 4/4
  2091 | D:3      | HP: 1/47 [killer bee (4)]
  2120 | D:3      | HP: 2/47 [killer bee (4)]
  2121 | D:3      | Slain by a killer bee

Vault maps used:
D:1:      minmay_arrival_five_plusses, minmay_misc_feat_nine_boxes,
          serial_park_tiny_1
D:2:      minmay_roachtagon, chequers_temple_overflow_statue_of_worship,
          overflow_temple_1_default, bloody_trog, chequers_serial_rivers_marsh,
          minmay_tall_x
D:3:      tso_altar, first_ration, item_on_display_a

Skill      XL: |  1  2  3  4 |
---------------+-------------+-----
Fighting       | 4 |  4.6
Axes           | 4 |  4.9
Shields        | 1 2 |  2.2
Armour         | 1 2 |  2.2
Dodging        | |  3.3
Stealth        | |  1.7

Action                   |  1- 3 |  4- 6 || total
-------------------------+-------+-------++-------
Melee: Hand axe          |   115 |   109 ||   224
       Headbutt          |    18 |    15 ||    33
Throw: Stone             |       |     1 ||     1
  Use: Potion            |     3 |     5 ||     8
 Stab: Sleeping          |     1 |       ||     1
  Eat: Chunk             |     2 |     2 ||     4
Armor: Plate armour      |    65 |    83 ||   148
Dodge: Dodged            |    12 |    18 ||    30
Block: Shield            |    35 |    63 ||    98

Table legend:
 A = Non-vault XP
 B = Vault XP
 C = Vault XP percentage of total XP
 D = Non-vault monster count
 E = Vault monster count
 F = Vault count percentage of total count
                 A         B        C        D         E       F
            +---------+---------+-------+---------+---------+-------
      Total |     172 |      32 |  15.7 |      52 |      15 |  22.4
            +---------+---------+-------+---------+---------+-------
        D:1 |      27 |       0 |   0.0 |      14 |       0 |   0.0
        D:2 |      47 |      32 |  40.5 |      11 |      15 |  57.7
        D:3 |      98 |       0 |   0.0 |      27 |       0 |   0.0
            +---------+---------+-------+---------+---------+-------
